AoeStats
← -Luxo-

Arabia

508057565Analyzed
1v1 RM · 13d ago on Sep 20, 2026· 40m 54s· 2 players
Game mode
Random Map
Map size
Tiny (2 player)
Population
200
Speed
Normal
Resources
Standard
Victory
Conquest
Starting age
Dark Age
Ending age
Imperial Age
RankedLock teamsTeams togetherTeam positionsShared explorationLock speedFull tech treeHidden civsTurbo modeCheats
Victory
Defeat
🇩🇪 Celts · Germany
905
+16
🇿🇦 Vietnamese · South Africa
902
-16
Bobsuruncle
8:40 Loom
11:45 Feudal Age
13:10 Double-Bit Axe
15:55 Wheelbarrow
16:20 Fletching
18:26 Gold Mining
20:03 Stone Mining
20:48 Padded Archer Armor
23:25 Castle Age
22:01 Horse Collar
24:43 Hand Cart
26:12 Heavy Plow
26:24 Bow Saw
28:04 Bodkin Arrow
28:16 Scale Barding Armor
29:24 Leather Archer Armor
39:25 Imperial Age
37:20 Thumb Ring
-Luxo-
9:25 Loom
13:18 Feudal Age
13:49 Horse Collar
14:47 Wheelbarrow
14:00 Double-Bit Axe
21:51 Castle Age
20:34 Fletching
22:13 Stone Mining
22:17 Gold Mining
22:14 Elite Skirmisher
23:14 Bow Saw
23:06 Heavy Plow
27:19 Pikeman
29:51 Stronghold
35:03 Hand Cart
Connection lost

Rejoining the realm…

Still unreachable

The connection could not be restored.

Session expired

The server has moved on; the page needs a fresh start.